 Dungeon Crawl Stone Soup version 0.30.0-5-g1a98f26d00 (webtiles) character file.

Game seed: 421072608392106206

267 Woods the Sneak (level 6, -2/32 HPs)
             Began as a Deep Elf Air Elementalist on May 9, 2023.
             Was an Initiate of Kikubaaqudgha.
             Slain by an ogre
             ... wielding a +0 giant club
              (12 damage)
             ... on level 4 of the Dungeon.
             The game lasted 00:09:35 (3270 turns).

Woods the Sneak (Deep Elf Air Elementalist)         Turns: 3270, Time: 00:09:35

Health: -2/32      AC:  4    Str:  5    XL:     6   Next: 0%
Magic:  11/14      EV: 13    Int: 22    God:    Kikubaaqudgha [......]
Gold:   213        SH:  0    Dex: 15    Spells: 3/13 levels left

rFire   . . .        f - staff of death
rCold   . . .        (no shield)
rNeg    + . .        a - +0 robe
rPois   .            d - +0 helmet
rElec   .            n - +0 cloak
rCorr   .            (no gloves)
SInv    .            (no boots)
Will    .....        m - amulet of magic regeneration
Stlth   +++          (no ring)
HPRegen 0.25/turn    (no ring)
MPRegen 0.54/turn

%: no passive effects
@: swift, quick
A: no striking features
a: Renounce Religion


You were on level 4 of the Dungeon.
You worshipped Kikubaaqudgha.
Kikubaaqudgha was noncommittal.
You visited 2 branches of the dungeon, and saw 5 of its levels.

You collected 213 gold pieces.

Inventory:

Armour
 a - a +0 robe (worn)
 d - a +0 helmet (worn)
 n - a +0 cloak (worn)
 r - the +1 pair of boots of the Hurtling Gods {Regen+}
   (You found it on level 4 of the Dungeon)

   Regen:     It increases your rate of health regeneration.
Magical Staves
 f - a staff of death (weapon)
Jewellery
 m - an amulet of magic regeneration (around neck)
Wands
 q - a wand of polymorph (1)
Scrolls
 c - 4 scrolls of identify {unknown}
 e - a scroll of enchant armour {unknown}
 g - a scroll of magic mapping {unknown}
 h - a scroll of vulnerability {unknown}
 i - a scroll of blinking {unknown}
 j - a scroll of fog {unknown}
 k - a scroll of fear {unknown}
 l - 3 scrolls of teleportation
Potions
 b - a potion of magic
 o - 2 potions of cancellation {unknown}
 p - a potion of ambrosia {unknown}


   Skills:
 + Level 3.8 Dodging
 * Level 4.9 Stealth
 + Level 4.4 Spellcasting
 + Level 2.8 Conjurations
 + Level 3.9 Air Magic


You had 3 spell levels left.
You knew the following spells:

 Your Spells              Type           Power      Damage    Failure   Level
a - Shock                 Conj/Air       76%        1d7       2%          1
b - Static Discharge      Conj/Air       38%        2-4/arc   4%          2
c - Swiftness             Air            22%        N/A       6%          3
d - Airstrike             Air            11%        2d(2-18)  22%         4

Your spell library contained the following spells:

 Spells                   Type           Power      Damage    Failure   Level
 Freeze                   Ice            16%        1d4       11%         1
 Dazzling Flash           Conj/Hex       22%        N/A       19%         3
 Hailstorm                Conj/Ice       11%        3d5       19%         3
 Frozen Ramparts          Ice            8%         1d2       32%         3
 Volatile Blastmotes      Fire/Tloc      8%         2d10      32%         3
 Iskenderun's Mystic Bla  Conj/Tloc      11%        2d4       52%         4
 Starburst                Conj/Fire      5%         6d4       100%        6


Dungeon Overview and Level Annotations

Branches:
Dungeon (4/15)             Temple (1/1) D:4

Altars:
Cheibriados
Dithmenos
Elyvilon
Fedhas
Gozag
Hepliaklqana
Kikubaaqudgha
Makhleb
Nemelex Xobeh
Okawaru
Qazlal
Ru
Sif Muna
Trog
Uskayaw
Vehumet
Wu Jian
Xom
Yredelemnul
Zin

Shops:
D:3 [*

Annotations:
D:3 Sigmund


Message History

Press: ? - help, Q - select action, (/) - cycle Shift-Dir - straight line, f/p - hound
Aim: a hound (moderately wounded, 60% to hit)
The zap misses the hound.
Unknown command.
Aiming: Shock (safe; 2% risk of failure)
Press: ? - help, Q - select action, (/) - cycle Shift-Dir - straight line, f/p - hound
Aim: a hound (moderately wounded, 60% to hit)
The zap hits the hound.
The hound is heavily wounded.
The hound bites you.
Aiming: Shock (safe; 2% risk of failure)
Press: ? - help, Q - select action, (/) - cycle Shift-Dir - straight line, f/p - hound
Aim: a hound (heavily wounded, 60% to hit)
The zap hits the hound.
The hound is heavily wounded.
The hound bites you. The hound misses you.
Casting: Shock (safe; 2% risk of failure)
Confirm with . or Enter, or press ? or * to list all spells.
The hound is struck by an arc of lightning.
The hound is almost dead.
You are struck by an arc of lightning.
The hound is struck by an arc of lightning.
You kill the hound!
Kikubaaqudgha accepts your kill.
The lightning grounds out.
An orc comes into view. It is wielding a +0 flail.
You have reached level 6!
An ogre comes into view. It is wielding a +0 giant club.
The ogre shouts!
A giant cockroach comes into view.
The ogre hits you with a +0 giant club!!
Ouch! That really hurt!
* * * LOW HITPOINT WARNING * * *
The ogre attacks as you move away! The ogre closely misses you.
The ogre attacks as you move away! The ogre barely misses you.
Casting: Static Discharge (safe; 4% risk of failure)
Confirm with . or Enter, or press ? or * to list all spells.
You feel quick. The ogre hits you with a +0 giant club!
You die...
Kikubaaqudgha rasps: "You have failed me!
Welcome... death!"

#..........####.##
##..........# ##.#
##.........# ##.
##........# ## ###.....##
# ###### ####.##
###....##### #..#
###..........######.# B
##........O@.........#
..#.........#.#.#.#.#..#
#......................#
#...........#.......#..#
.......................#
............#...>...#..#
.................†.....#
............#.......#..##
........................$


You could see an ogre.

Vanquished Creatures
  A black bear (D:4)
  2 hounds (D:4)
  Crazy Yiuf (D:2)
  2 adders
  A worm (D:3)
  2 dart slugs
  An orc (D:4)
  9 bats
  10 endoplasms
  2 giant cockroaches
  9 goblins
  3 hobgoblins
  A quokka (D:1)
  9 ball pythons
  2 frilled lizards (D:1)
  7 kobolds
  9 rats
71 creatures vanquished.

Vanquished Creatures (others)
  A minotaur (D:1)
  A demonspawn (D:1)
  2 octopodes (D:1)
  A vine stalker (D:1)
  An elf (D:1)
  A merfolk (D:1)
  A vampire (D:1)
  A spriggan (D:1)
  A formicid (D:1)
  A human (D:1)
  A demigod (D:1)
  A gnoll (D:1)
  2 orcs (D:1)
  4 tentacles (D:1)
19 creatures vanquished.

Grand Total: 90 creatures vanquished

Notes
Turn   | Place    | Note
-------+----------+-------------------------------------------
     0 | D:1      | Woods the Deep Elf Air Elementalist began the quest for the
                  | Orb.
     0 | D:1      | Reached XP level 1. HP: 10/10 MP: 6/6
     2 | D:1      | Noticed an octopode
     2 | D:1      | Noticed a merfolk
     2 | D:1      | Noticed a formicid
     2 | D:1      | Noticed a demonspawn
     2 | D:1      | Noticed a vine stalker
     2 | D:1      | Noticed a vampire
     2 | D:1      | Noticed a kraken
     2 | D:1      | Noticed a human
     2 | D:1      | Noticed an octopode
     2 | D:1      | Noticed a minotaur
     2 | D:1      | Noticed a spriggan
     2 | D:1      | Noticed an elf
     2 | D:1      | Noticed a demigod
     4 | D:1      | Killed a demonspawn
     9 | D:1      | Killed a vampire
    10 | D:1      | Killed a human
    12 | D:1      | Killed an octopode
    12 | D:1      | Killed a spriggan
    13 | D:1      | Killed an octopode
    13 | D:1      | Killed a formicid
    14 | D:1      | Killed a vine stalker
    15 | D:1      | Killed a merfolk
    16 | D:1      | Killed a demigod
    17 | D:1      | Killed a minotaur
    18 | D:1      | Killed an elf
   206 | D:1      | Reached XP level 2. HP: 15/15 MP: 4/8
   419 | D:1      | Found a faded altar of an unknown god.
   846 | D:2      | Reached XP level 3. HP: 19/19 MP: 6/9
  1015 | D:2      | Learned a level 2 spell: Static Discharge
  1019 | D:2      | Learned a level 3 spell: Swiftness
  1668 | D:2      | Found a runed translucent door.
  1669 | D:2      | Noticed Crazy Yiuf
  1679 | D:2      | Killed Crazy Yiuf
  1680 | D:2      | Reached XP level 4. HP: 22/24 MP: 8/11
  1751 | D:3      | Found Poykikluidi's Assorted Antiques.
  2142 | D:3      | Noticed Sigmund
  2505 | D:3      | Found Hukomap's Armour Boutique.
  2942 | D:4      | Found a hide-covered altar of Uskayaw.
  2942 | D:4      | Found a shimmering altar of Xom.
  2947 | D:4      | Found a shimmering blue altar of Sif Muna.
  2962 | D:4      | Reached XP level 5. HP: 28/28 MP: 8/13
  2967 | D:4      | Learned a level 4 spell: Airstrike
  3014 | D:4      | Noticed a black bear
  3021 | D:4      | Killed a black bear
  3138 | D:4      | Found a staircase to the Ecumenical Temple.
  3151 | Temple   | Entered the Ecumenical Temple
  3201 | Temple   | Became a worshipper of Kikubaaqudgha
  3233 | D:4      | Identified the +1 pair of boots of the Hurtling Gods
                  | {Regen+}
  3244 | D:4      | Reached XP level 6. HP: 23/32 MP: 7/14
  3270 | D:4      | Slain by an ogre

Illustrated notes

Levels and vault maps discovered:
D:1:      nicolae_arrival_kraken_aquarium_b, layout_rooms,
          ebering_ecumenical_altar_hall, dreamdust_wishing_well
D:2:      layout_basic, kennysheep_generic_room_5, uniq_crazy_yiuf_cottage
D:3:      layout_basic, serial_shops, nicolae_diamond_shop,
          nicolae_shop_hallway_plus, uniq_sigmund
D:4:      layout_cave_pods, grunt_temple_overflow_open,
          minmay_temple_entry_glass, patterned_corridor
Temple:   nicolae_temple_bog_church

Skill      XL: |  1  2  3  4 |
---------------+-------------+-----
Stealth        | 3 4 |  4.9
Dodging        | 3 |  3.8
Conjurations   | 2 |  2.8
Spellcasting   | 4 |  4.4
Air Magic      | |  3.9

Action                     |  1- 3 |  4- 6 || total
---------------------------+-------+-------++-------
  Melee: Unarmed           |     4 |       ||     4
         Staff             |     7 |     2 ||     9
   Cast: Shock             |    86 |    58 ||   144
         Swiftness         |       |     2 ||     2
         Static Discharge  |       |     3 ||     3
    Use: Scroll            |       |     1 ||     1
 Armour: Robe              |     2 |     5 ||     7
  Dodge: Dodged            |    15 |    22 ||    37
